 Dungeon Crawl Stone Soup version 0.16-a0-66-gff12a3a (console) character file.

4288 MrRokkomies the Archer (level 10, -8/81 HPs)
             Began as a Centaur Hunter on Aug 6, 2014.
             Was a Believer of Yredelemnul.
             Mangled by a swamp worm (9 damage)
             ... on Level 9 of the Dungeon on Aug 7, 2014.
             The game lasted 00:42:01 (9400 turns).

MrRokkomies the Archer (Centaur Hunter)             Turns: 9400, Time: 00:42:01

HP  -8/81        AC 14     Str 18      XL: 10   Next: 10%
MP  15/15        EV  8     Int -4 (10) God: Yredelemnul [**....]
Gold 518         SH  0     Dex 14      Spells:  0 memorised,  9 levels left

rFire  . . .     SeeInvis +     a - +1 halberd
rCold  + . .     Clarity  +     H - +6 ring mail of Royalty {rC+ Dex+1}
rNeg   . . .     rCorr    .     (no shield)
rPois  .         rRot     .     G - +1 hat
rElec  .         Spirit   .     n - +0 cloak
SustAb .         Warding  .     B - +0 pair of gloves
rMut   .         Stasis   .     (no barding)
Gourm  .                        h - amulet of clarity
MR     .....                    N - +3 ring of strength
                                w - cursed ring of see invisible

@: lost intelligence, very slow, not resistant to hostile enchantments,
extremely unstealthy
A: hooves 3, deformed body, speed 2, tough skin 3
a: Animate Remains, Recall Undead Slaves, Injury Mirror, Renounce Religion


You were on level 9 of the Dungeon.
You worshipped Yredelemnul.
Yredelemnul was pleased with you.
You were not hungry.

You visited 2 branches of the dungeon, and saw 10 of its levels.

You collected 518 gold pieces.

Inventory:

Hand weapons
 a - a +1 halberd (weapon)
 b - a +1 shortbow of freezing
 i - a +0 vampiric glaive
 o - a cursed -1 spear
 K - a +0 blowgun
 O - a +2 shortbow of flaming
Missiles
 c - 160 arrows
 D - 59 poisoned needles
Armour
 l - a steam dragon hide
 n - a +0 cloak (worn)
 B - a +0 pair of gloves (worn)
 G - a +1 hat (worn)
 H - the +6 ring mail of Royalty (worn) {rC+ Dex+1}
   (You found it on level 5 of the Dungeon)

   It affects your dexterity (+1).
   It protects you from cold.
Magical devices
 v - a wand of magic darts (15)
 x - a wand of flame (1)
 F - a wand of disintegration (22)
 J - a wand of digging (7)
 P - a wand of frost (16)
 S - a wand of lightning (0)
Comestibles
 f - 10 bread rations
 q - 7 meat rations
 t - 9 fruits
 u - 8 beef jerkies
Scrolls
 g - 2 scrolls of magic mapping
 k - 2 scrolls of remove curse
 r - a scroll of fog {unknown}
 y - 3 scrolls of recharging
 A - 2 scrolls of teleportation
 U - a scroll of enchant armour
Jewellery
 h - an amulet of clarity (around neck)
 w - a cursed ring of see invisible (left hand)
 L - an uncursed ring of positive energy
 N - a +3 ring of strength (right hand)
Potions
 j - 3 potions of brilliance
 m - 3 potions of agility
 p - 2 potions of resistance
 s - 3 potions of magic
 T - 2 potions of porridge
Books
 d - a book of Summonings

   Spells                             Type                      Level
   Abjuration                         Summoning                    3
   Recall                             Summoning/Translocation      3
   Shadow Creatures                   Summoning                    5
   Summon Demon                       Summoning                    5
   Summon Forest                      Summoning/Translocation      5
   Monstrous Menagerie                Summoning                    6
 z - a book of Power

   Spells                             Type                      Level
   Fulminant Prism                    Conjuration/Hexes            4
   Iskenderun's Mystic Blast          Conjuration                  4
   Venom Bolt                         Conjuration/Poison           5
   Bolt of Magma                      Conjuration/Fire/Earth       5
   Iron Shot                          Conjuration/Earth            6
   Orb of Destruction                 Conjuration                  7
 E - a book of Enchantments

   Spells                             Type                      Level
   Tukima's Dance                     Hexes                        3
   Cause Fear                         Hexes                        4
   Silence                            Hexes/Air                    5
   Deflect Missiles                   Charms/Air                   6
   Haste                              Charms                       6
   Discord                            Hexes                        8
 R - a book of the Sky

   Spells                             Type                      Level
   Flight                             Charms/Air                   3
   Airstrike                          Air                          4
   Silence                            Hexes/Air                    5
   Deflect Missiles                   Charms/Air                   6
   Conjure Ball Lightning             Conjuration/Air              6
   Tornado                            Air                          9
Rods
 e - a +1 rod of destruction (9/9)
   (You found it on level 9 of the Dungeon)


   Skills:
 - Level 5.1 Fighting
 * Level 8.3 Polearms
 - Level 12.5 Bows
 - Level 1.3 Dodging
 - Level 0.5 Stealth
 * Level 5.1 Invocations


You had 9 spell levels left.
You didn't know any spells.

Dungeon Overview and Level Annotations

Branches:
Dungeon (9/15)             Temple (1/1) D:7
    Orc: D:9-12        Lair: D:8-11

Altars:
Ashenzari
Cheibriados
Elyvilon
Gozag
Kikubaaqudgha
Makhleb
Okawaru
Sif Muna
Trog
Xom
Yredelemnul
The Shining One


Innate Abilities, Weirdness & Mutations

You have hooves in place of feet.
Armour fits poorly on your strangely shaped body.
You cover ground very quickly.
You have extremely tough skin (AC +3).


Message History

You barely miss the swamp worm.
The swamp worm bites you but does no damage.
The swamp worm bites you. The swamp worm barely misses you.
You completely miss the swamp worm. Your kick misses the swamp worm.
The swamp worm bites you!!
The swamp worm bites you but does no damage.
The swamp worm bites you. x2
The swamp worm barely misses you. The swamp worm bites you!
You miss the swamp worm. You kick the swamp worm.
The swamp worm is lightly wounded.
The swamp worm bites you! The swamp worm barely misses you.
The swamp worm bites you. The swamp worm bites you!
* * * LOW HITPOINT WARNING * * *
The swamp worm bites you!!
* * * LOW HITPOINT WARNING * * *
The swamp worm closely misses you.
The swamp worm bites you but does no damage.
The swamp worm bites you!
You die...
Your body rises from the dead as a mindless zombie.

#...##.################.#)#..
#.......(....?..### ###(#%###
#....#.(..###.........#.#....
#....#%#%####...........#)%##
##.#........(...≈≈≈≈≈≈≈.#....
#.#.(..(...#(≈≈≈≈≈≈≈≈≈≈≈##.#
#.'.(......#≈≈≈#######≈≈≈...
###..(.....#wwP#≈≈≈≈{##≈≈...
#..(.....@w≈≈≈≈≈≈≈{%#≈≈###
#........(w≈P#≈≈≈≈{##≈≈...
##########≈((#######≈≈≈###
##≈≈≈≈≈≈≈≈≈≈≈....
###≈≈≈≈≈≈≈......
##............ #............
#............ #............


You could see 3 swamp worms and a worm.

Vanquished Creatures
  Prince Ribbit (D:7)
  Eustachio (D:7)
  Grum (D:9)
  A steam dragon (D:8)
  2 wolves (D:9)
  An orc warrior (D:8)
  4 sky beasts
  A phantom (D:8)
  A necrophage (D:8)
  2 ogres (D:8)
  3 ice beasts
  2 centaurs
  2 big kobolds
  A brain worm (D:9)
  7 giant frogs
  A wyvern skeleton (D:9)
  A scorpion (D:8)
  5 killer bees (D:7)
  A troll skeleton (D:9)
  2 jellies
  3 crimson imps
  A centaur zombie (D:8)
  5 hounds
  2 iguanas
  4 orc priests
  3 worker ants
  4 orc wizards (D:6)
  An ogre zombie (D:8)
  A sky beast zombie (D:6)
  A mummy (D:6)
  3 gnolls
  12 adders
  4 shadow imps
  14 worms
  An iguana zombie (D:9)
  An iguana skeleton (D:5)
  9 giant geckos
  24 orcs
  12 bats
  A bat zombie (D:6)
  2 giant cockroaches
  14 goblins
  17 hobgoblins
  5 jackals
  37 kobolds
  3 quokkas
  A ball python (D:2)
  8 giant newts
  A giant spore (D:7)
  A hobgoblin zombie (D:7)
  A kobold skeleton (D:4)
  A quokka skeleton (D:5)
  A quokka zombie (D:5)
  15 rats
  A rat zombie (D:6)
254 creatures vanquished.

Vanquished Creatures (others)
  2 plants (D:9)
2 creatures vanquished.

Grand Total: 256 creatures vanquished

Notes
Turn   | Place    | Note
--------------------------------------------------------------
     0 | D:1      | MrRokkomies, the Centaur Hunter, began the quest for the Orb.
     0 | D:1      | Reached XP level 1. HP: 16/16 MP: 1/1
   188 | D:1      | Reached XP level 2. HP: 18/23 MP: 2/2
   812 | D:1      | Reached XP level 3. HP: 19/30 MP: 3/3
  1061 | D:2      | Reached skill level 6 in Bows
  1724 | D:3      | Found an ancient bone altar of Kikubaaqudgha.
  1847 | D:3      | Reached XP level 4. HP: 24/37 MP: 3/3
  2603 | D:4      | Reached skill level 7 in Bows
  2603 | D:4      | Reached XP level 5. HP: 33/45 MP: 4/4
  3293 | D:4      | Found an opulent altar of Gozag.
  3318 | D:4      | Noticed a centaur
  3343 | D:4      | Killed a centaur
  3343 | D:4      | Reached XP level 6. HP: 19/53 MP: 5/5
  3856 | D:4      | Reached skill level 8 in Bows
  4174 | D:5      | Entered Level 5 of the Dungeon
  4195 | D:5      | Reached skill level 5 in Fighting
  4424 | D:5      | Got a dazzling ring mail
  4480 | D:5      | Identified the +6 ring mail of Royalty {rC+ Dex+1} (You found it on level 5 of the Dungeon)
  4789 | D:5      | Reached XP level 7. HP: 58/61 MP: 5/5
  4868 | D:5      | Reached skill level 1 in Polearms
  4868 | D:5      | Reached skill level 9 in Bows
  5438 | D:6      | Got a brightly glowing ring mail
  5450 | D:6      | Identified the +0 ring mail "Onwumet" {+Fly Str+4} (You found it on level 6 of the Dungeon)
  5654 | D:6      | Reached skill level 10 in Bows
  5683 | D:6      | Reached XP level 8. HP: 60/68 MP: 6/6
  6181 | D:7      | Found a shimmering altar of Xom.
  6193 | D:7      | Noticed Prince Ribbit
  6211 | D:7      | Killed Prince Ribbit
  6211 | D:7      | Reached skill level 11 in Bows
  6465 | D:7      | Reached skill level 5 in Polearms
  6834 | D:7      | Found a staircase to the Ecumenical Temple.
  6844 | Temple   | Entered the Ecumenical Temple
  6886 | Temple   | Became a worshipper of Yredelemnul the Dark
  7152 | D:7      | Noticed Eustachio
  7233 | D:7      | Reached XP level 9. HP: 34/74 MP: 7/7
  7729 | D:7      | Killed Eustachio
  7729 | D:7      | Reached skill level 12 in Bows
  7865 | D:8      | Found a burning altar of Makhleb.
  7905 | D:8      | Acquired Yredelemnul's first power
  8121 | D:8      | Reached skill level 1 in Invocations
  8162 | D:8      | Found a bloodstained altar of Trog.
  8162 | D:8      | Found a shattered altar of Ashenzari.
  8460 | D:8      | Found a white marble altar of Elyvilon.
  8485 | D:8      | Found a deep blue altar of Sif Muna.
  8487 | D:8      | Found a glowing golden altar of the Shining One.
  8490 | D:8      | Found a snail-covered altar of Cheibriados.
  8495 | D:8      | Found a burning altar of Makhleb.
  8985 | D:9      | Noticed Grum
  9009 | D:9      | Reached XP level 10. HP: 43/81 MP: 15/15
  9013 | D:9      | Killed Grum
  9039 | D:9      | Identified a +1 rod of destruction (9/9) (You found it on level 9 of the Dungeon)
  9041 | D:9      | Upgraded the game from 0.16-a0-51-g3cd7026 to 0.16-a0-66-gff12a3a
  9090 | D:9      | Acquired Yredelemnul's second power
  9090 | D:9      | Reached skill level 5 in Invocations
  9203 | D:9      | Lost intelligence.
  9238 | D:9      | Lost intelligence.
  9305 | D:9      | Lost intelligence.
  9400 | D:9      | HP: 1/81 [swamp worm (20)]
  9400 | D:9      | Mangled by a swamp worm

Action                   |  1- 3 |  4- 6 |  7- 9 | 10-12 || total
-------------------------+-------+-------+-------+-------++-------
Melee: Short sword       |    53 |       |       |       ||    53
       Dagger            |   156 |   301 |       |       ||   457
       Halberd           |       |     5 |   311 |    18 ||   334
       Glaive            |       |       |    68 |     4 ||    72
 Fire: Shortbow          |     5 |     8 |   102 |    53 ||   168
       Blowgun           |       |       |    18 |       ||    18
Evoke: Wand              |       |    12 |     9 |       ||    21
  Use: Scroll            |     9 |     3 |     7 |     1 ||    20
       Potion            |       |     4 |     3 |     7 ||    14
 Stab: Invisible         |       |       |     1 |       ||     1
  Eat: Chunk             |     1 |     9 |    12 |     1 ||    23
       Pizza             |       |       |       |     1 ||     1
